 Dungeon Crawl Stone Soup version 0.28-b1-25-g9875b3fc8c (webtiles) character file.

Game seed: 9814968822000821074

130 pkoi the Cudgeller (level 4, -2/40 HPs)
             Began as a Minotaur Fighter on Jan 31, 2022.
             Was an Initiate of Hepliaklqana.
             Slain by an orc wizard (3 damage)
             ... on level 4 of the Dungeon.
             The game lasted 00:02:16 (2439 turns).

pkoi the Cudgeller (Minotaur Fighter)               Turns: 2439, Time: 00:02:16

Health: -2/40      AC:  7    Str: 22    XL:     4   Next: 89%
Magic:  0/3        EV: 16    Int:  5    God:    Hepliaklqana [......]
Gold:   101        SH:  8    Dex: 10    Spells: 3/3 levels left

rFire   . . .      SeeInvis .   a - +0 flail
rCold   . . .      Faith    .   o - +0 kite shield
rNeg    . . .      Spirit   +   b - +0 scale mail
rPois   .          Reflect  .   (helmet restricted)
rElec   .          Harm     .   (no cloak)
rCorr   .          Rampage  .   (no gloves)
Will    .....                   (no boots)
Stlth   ..........              i - amulet of guardian spirit
HPRegen 0.13/turn               h - +4 ring of evasion
MPRegen 0.08/turn               j - +4 ring of evasion

@: no status effects
A: horns 2, retaliatory headbutt
a: Renounce Religion


You were on level 4 of the Dungeon.
You worshipped Hepliaklqana.
Hepliaklqana was noncommittal.
You visited 1 branch of the dungeon, and saw 4 of its levels.

You collected 101 gold pieces.

Inventory:

Hand Weapons
 a - a +0 flail (weapon)
Armour
 b - a +0 scale mail (worn)
 c - a +0 buckler
 o - a +0 kite shield (worn)
Jewellery
 h - a +4 ring of evasion (left hand)
 i - an amulet of guardian spirit (around neck)
 j - a +4 ring of evasion (right hand)
 l - an amulet of the acrobat
 r - a ring of positive energy
Scrolls
 e - a scroll of teleportation {unknown}
 f - 4 scrolls of identify {unknown}
 k - a scroll of holy word {unknown}
 p - a scroll of enchant weapon {unknown}
 q - a scroll of amnesia {unknown}
Potions
 d - a potion of might
 g - 2 potions of flight {unknown}
 m - a potion of degeneration {unknown}
 n - a potion of haste {unknown}
 s - a potion of lignification {unknown}
 t - 2 potions of magic {unknown}


   Skills:
 + Level 4.1 Fighting
 * Level 5.0 Maces & Flails
 + Level 4.1 Armour
 + Level 4.3 Shields


You had 3 spell levels left.
You didn't know any spells.
Your spell library contained the following spells:

 Spells                   Type           Power      Damage    Failure   Level
 Ensorcelled Hibernation  Hex/Ice        0%         N/A       99%         2
 Passwall                 Tmut/Erth      0%         N/A       99%         2
 Swiftness                Air            0%         N/A       100%        3


Dungeon Overview and Level Annotations

Branches:
Dungeon (4/15)
 Temple: D:4-7

Altars:
Fedhas
Hepliaklqana
Ru


Innate Abilities, Weirdness & Mutations

You have a pair of horns on your head.
You reflexively headbutt those who attack you in melee.


Message History

The orc misses you.
You bump into the rock wall.
The orc hits you but does no damage. Something hits you.
* * * LOW HITPOINT WARNING * * *
The orc closely misses you.
You barely miss something. The orc misses you.
You hear some strange, mumbled words.
You are more confused.
The orc completely misses you. The orc closely misses you.
The orc hits you with a +0 mace.
* * * LOW HITPOINT WARNING * * *
Something completely misses you.
There is an open door, spattered with blood here.
You bump into the rock wall.
The orc closely misses you. Something barely misses you.
The orc completely misses you.
You bump into the rock wall.
You hear some strange, mumbled words.
A magic dart appears from out of thin air!
The magic dart hits you.
* * * LOW HITPOINT WARNING * * *
You barely miss something. Something hits you but does no damage.
You barely miss the orc.
You're too confused to move!
The orc barely misses you.
You closely miss the orc.
You feel less confused. The orc hits you with a +0 mace.
* * * LOW HITPOINT WARNING * * *
The orc barely misses you.
You hit the orc.
The orc is heavily wounded.
The orc barely misses you.
You thump the orc!
You kill the orc!
You miss something. Your headbutt misses something.
Something closely misses you. Something hits you but does no damage.
You miss something.
Something hits you but does no damage. x2
You barely miss something. Your headbutt misses something. Something hits you.
* * * LOW HITPOINT WARNING * * *
Something hits you.
You die...

#.....# #.....#
#.....#
#.....########
#.....).......
#####.........
#.........
######.........
#)@{oo........(
#.####.........
#.#<...........
#.###..........
#..............
###############


You could see 2 orcs.

Vanquished Creatures
  Jessica (D:3)
  An orc wizard (D:3)
  2 adders
  A worm (D:2)
  7 orcs
  4 ball pythons
  2 endoplasms
  A giant cockroach (D:1)
  7 goblins
  5 hobgoblins
  2 quokkas
  4 bats (D:1)
  6 frilled lizards
  5 kobolds
  2 rats
50 creatures vanquished.

Notes
Turn   | Place    | Note
-------+----------+-------------------------------------------
     0 | D:1      | pkoi the Minotaur Fighter began the quest for the Orb.
     0 | D:1      | Reached XP level 1. HP: 19/19 MP: 0/0
   160 | D:1      | Reached skill level 3 in Maces & Flails
   227 | D:1      | Reached XP level 2. HP: 26/26 MP: 1/1
   442 | D:1      | Found a faded altar of an unknown god.
   721 | D:2      | Reached skill level 4 in Maces & Flails
   721 | D:2      | Reached XP level 3. HP: 31/31 MP: 2/2
  1510 | D:3      | Reached XP level 4. HP: 27/40 MP: 3/3
  1759 | D:3      | Found a hazy altar of Hepliaklqana.
  1786 | D:3      | Became a worshipper of Hepliaklqana the Forgotten
  2043 | D:3      | Noticed Jessica
  2047 | D:3      | Killed Jessica
  2048 | D:3      | Reached skill level 5 in Maces & Flails
  2254 | D:3      | Found a sacrificial altar of Ru.
  2263 | D:3      | Found a blossoming altar of Fedhas.
  2439 | D:4      | HP: 1/40 [something (3)]
  2439 | D:4      | Slain by an orc wizard

Illustrated notes

Levels and vault maps discovered:
D:1:      dpeg_arrival_boxorama, layout_rooms, basic_ecumenical_altar
D:2:      layout_loops_cross
D:3:      layout_basic, mainiacjoe_overflow_concentric_impassable,
          mainiacjoe_overflow_swirl, uniq_jessica
D:4:      layout_basic, lemuel_crystal_altar, minmay_temple_entry_proselytizer

Skill      XL: |  1  2  3  4 |
---------------+-------------+-----
Maces & Flails | 3 4 5 |  5.0
Shields        | 4 |  4.3
Fighting       | 4 |  4.1
Armour         | 4 |  4.1

Action                   |  1- 3 |  4- 6 || total
-------------------------+-------+-------++-------
Melee: Flail             |    73 |    38 ||   111
       Headbutt          |     7 |     5 ||    12
Armor: Scale mail        |    27 |    14 ||    41
Dodge: Dodged            |    30 |    45 ||    75
Block: Buckler           |    20 |       ||    20
       Kite shield       |     1 |    11 ||    12
